 Dungeon Crawl Stone Soup version 0.19.5 (webtiles) character file.

362 Peloso the Slasher (level 6, -8/52 HPs)
             Began as a Minotaur Fighter on May 13, 2017.
             Mangled by Pikel
             ... wielding a +2 whip of electrocution
              (14 damage)
             ... on level 4 of the Dungeon.
             The game lasted 00:05:50 (2863 turns).

Peloso the Slasher (Minotaur Fighter)               Turns: 2863, Time: 00:05:50

Health: -8/52      AC:  8    Str: 26    XL:     6   Next: 39%
Magic:  5/5        EV:  8    Int:  5    God:
Gold:   163        SH: 10    Dex: 11    Spells: 0 memorised, 5 levels left

rFire  . . .     SeeInvis .     a - +0 long sword
rCold  . . .     Gourm    .     b - +0 scale mail
rNeg   . . .     Faith    .     c - +0 shield
rPois  .         Spirit   .     m - +1 hat
rElec  .         Reflect  .     (no cloak)
rCorr  .         Harm     .     (no gloves)
MR     .....                    (no boots)
Stlth  ..........               (no amulet)
                                (no ring)
                                (no ring)

@: mighty
A: retaliatory headbutt, horns 2
a: no special abilities


You were on level 4 of the Dungeon.
You were hungry.

You visited 1 branch of the dungeon, and saw 6 of its levels.

You collected 163 gold pieces.

Inventory:

Hand Weapons
 a - a +0 long sword (weapon)
 y - a cursed -1 flail
Armour
 b - a +0 scale mail (worn)
 c - a +0 shield (worn)
 m - a +1 hat (worn)
Jewellery
 t - an uncursed ring of protection from fire {unknown}
 w - an uncursed amulet of guardian spirit {unknown}
Scrolls
 e - 2 scrolls of fog {unknown}
 h - 4 scrolls of remove curse {unknown}
 k - a scroll of enchant armour {unknown}
 n - a scroll of fear {unknown}
 o - a scroll of magic mapping {unknown}
 q - a scroll of immolation {unknown}
 r - 2 scrolls of random uselessness {unknown}
 s - a scroll of identify {unknown}
 x - a scroll of teleportation {unknown}
Potions
 g - a potion of invisibility {unknown}
 i - a potion of curing {unknown}
 j - a potion of brilliance {unknown}
 l - a potion of cure mutation {unknown}
 p - a potion of agility {unknown}
 z - 2 potions of flight {unknown}
Comestibles
 f - 3 bread rations
 u - a royal jelly
 v - 2 meat rations


   Skills:
 + Level 4.2 Fighting
 + Level 5.9 Long Blades
 + Level 4.7 Armour
 + Level 1.3 Dodging
 + Level 5.3 Shields


You had 5 spell levels left.
You didn't know any spells.

Dungeon Overview and Level Annotations

Branches:
Dungeon (6/15)
 Temple: D:4-7

Altars:
Ashenzari
Elyvilon
Nemelex Xobeh
Qazlal
Uskayaw

Annotations:
D:4 Pikel


Innate Abilities, Weirdness & Mutations

You reflexively headbutt those who attack you in melee.
You have a pair of horns on your head.


Message History

Pikel is lightly wounded.
Pikel hits you with a whip of electrocution.
You hit Pikel. You headbutt Pikel.
Pikel is moderately wounded.
Pikel hits you but does no damage.
You are electrocuted!
Your shield and scale mail prevent you from hitting Pikel.
Pikel is moderately wounded.
Pikel hits you with a whip of electrocution.
You hit Pikel but do no damage.
Pikel is moderately wounded.
Pikel hits you with a whip of electrocution.
Pikel completely misses you.
The slave shouts!
You hit Pikel. You headbutt Pikel!
Pikel is heavily wounded.
Pikel hits you but does no damage.
You are electrocuted!
* * * LOW HITPOINT WARNING * * *
You feel very mighty all of a sudden. Pikel hits you but does no damage.
You are electrocuted!
You die...

# #p#####
###.p...##
.p.K..p..# #..#
##.p# #...#
#.pp########.#
#####..ppK@.<...>#
#.......#######..#
#(###.#.# #.#.#
#.#.# ##.#.#
#>...#
........#..#
####.##...##


You could see Pikel and 4 slaves.

Vanquished Creatures
  3 crimson imps
  2 worker ants
  A hound zombie (D:5)
  A hound skeleton (D:5)
  6 adders
  An ooze (D:5)
  5 worms
  4 dart slugs (D:1)
  5 leopard geckos
  3 ball pythons (D:2)
  5 bats
  8 giant cockroaches
  9 goblins
  13 hobgoblins
  12 jackals
  8 kobolds
  A quokka (D:5)
  3 frilled lizards
  A leopard gecko skeleton (D:6)
  11 rats
102 creatures vanquished.

Notes
Turn   | Place    | Note
-------+----------+-------------------------------------------
     0 | D:1      | Peloso the Minotaur Fighter began the quest for the Orb.
     0 | D:1      | Reached XP level 1. HP: 19/19 MP: 0/0
     6 | D:1      | Found a runed door.
   192 | D:1      | Reached XP level 2. HP: 25/27 MP: 1/1
   661 | D:1      | Reached XP level 3. HP: 33/33 MP: 2/2
   762 | D:2      | Found a hide-covered altar of Uskayaw.
  1095 | D:2      | Reached XP level 4. HP: 40/40 MP: 3/3
  1871 | D:3      | Found a shattered altar of Ashenzari.
  1901 | D:3      | Noticed a water elemental
  1919 | D:3      | Found a stormy altar of Qazlal.
  2121 | D:3      | Found a sparkling altar of Nemelex Xobeh.
  2233 | D:3      | Reached XP level 5. HP: 43/46 MP: 4/4
  2327 | D:3      | Noticed an air elemental
  2327 | D:3      | Noticed a fire elemental
  2420 | D:3      | You fall through a shaft for 3 floors!
  2425 | D:6      | Reached skill level 5 in Long Blades
  2460 | D:6      | Reached skill level 5 in Shields
  2483 | D:5      | Entered Level 5 of the Dungeon
  2551 | D:5      | Reached XP level 6. HP: 49/52 MP: 5/5
  2576 | D:5      | Reached skill level 1 in Dodging
  2804 | D:5      | Found a white marble altar of Elyvilon.
  2842 | D:4      | Noticed Pikel
  2842 | D:4      | Noticed a slave
  2842 | D:4      | Noticed a slave
  2842 | D:4      | Noticed a slave
  2843 | D:4      | Noticed a slave
  2863 | D:4      | Mangled by Pikel

Skill      XL: |  1  2  3  4  5  6 |
---------------+-------------------+-----
Shields        | 4 5 |  5.3
Long Blades    | 3 4 5 |  5.9
Armour         | 4 |  4.7
Fighting       | 4 |  4.2
Dodging        | 1 |  1.3

Action                   |  1- 3 |  4- 6 || total
-------------------------+-------+-------++-------
Melee: Long sword        |    76 |   178 ||   254
       Headbutt          |    10 |    29 ||    39
  Use: Potion            |       |     1 ||     1
  Eat: Chunk             |       |     6 ||     6
Armor: Scale mail        |    37 |    64 ||   101
Dodge: Dodged            |    30 |    52 ||    82
Block: Shield            |    50 |    75 ||   125
       Rpst.: Long sword |     6 |    13 ||    19
